 Dungeon Crawl Stone Soup version 0.30.1-9-gdf580d7c3d (webtiles) character file.

Game seed: 6529456533713508839

392 Peloso the Slasher (level 6, -4/53 HPs)
             Began as a Minotaur Fighter on Oct 15, 2023.
             Succumbed to a goblin's poison
             ... on level 3 of the Dungeon.
             The game lasted 00:04:59 (2083 turns).

Peloso the Slasher (Minotaur Fighter)               Turns: 2083, Time: 00:04:59

Health: -4/53      AC: 13    Str: 20    XL:     6   Next: 50%
Magic:  5/5        EV:  6    Int:  5    God:
Gold:   168        SH:  5    Dex: 12    Spells: 5/5 levels left

rFire   . . .        b - +2 broad axe (heavy)
rCold   . . .        d - +0 buckler
rNeg    . . .        t - +0 plate armour
rPois   .            (helmet restricted)
rElec   .            (no cloak)
rCorr   .            o - +0 pair of gloves
SInv    .            (no boots)
Will    .....        (no amulet) Stlth
                     (no ring)
HPRegen 0.28/turn    (no ring)
MPRegen 0.09/turn

%: no passive effects
@: lethally poisoned (-4 -> -32)
A: horns 2, retaliatory headbutt
a: no special abilities


You were on level 3 of the Dungeon.
You visited 1 branch of the dungeon, and saw 4 of its levels.

You collected 168 gold pieces.

Inventory:

Hand Weapons
 a - a +0 long sword
 b - a +2 heavy broad axe (weapon)
 c - the +3 whip of Somewhere Else {freeze, rC+ rN+}
   (You found it on level 3 of the Dungeon)

   rC:        It protects you from cold.
   rN:        It protects you from negative energy.
Armour
 d - a +0 buckler (worn)
 o - a +0 pair of gloves (worn)
 p - a +0 scale mail
 t - a +0 plate armour (worn)
Jewellery
 f - a +6 ring of intelligence
Scrolls
 g - a scroll of noise {unknown}
 h - a scroll of immolation {unknown}
 j - a scroll of teleportation {unknown}
 l - a scroll of vulnerability {unknown}
 s - 3 scrolls of magic mapping {unknown}
Potions
 e - a potion of curing
 i - a potion of flight {unknown}
 k - a potion of lignification {unknown}
 m - a potion of might
 n - a potion of mutation {unknown}
 q - a potion of haste {unknown}
 r - a potion of resistance {unknown}


   Skills:
 + Level 4.5 Fighting
 + Level 5.6 Long Blades
 + Level 1.2 Axes
 + Level 5.3 Armour
 + Level 2.4 Dodging
 + Level 0.3 Stealth
 + Level 4.1 Shields


You had 5 spell levels left.
You didn't know any spells.
Your spell library was empty.

Dungeon Overview and Level Annotations

Branches:
Dungeon (4/15)
 Temple: D:4-7

Altars:
Yredelemnul

Annotations:
D:3 3 runed translucent doors, Valens254's ghost, amateur DjHW
D:4 Robin


Innate Abilities, Weirdness & Mutations

You have a pair of horns on your head.
You reflexively headbutt those who attack you in melee.


Message History

The goblins go into a battle-frenzy!
The goblin hits you but does no damage.
You are more poisoned.
You barely miss the goblin.
You feel extremely sick. Robin throws the goblin at you!
The goblin drinks a potion.
The goblin flickers and vanishes!
Deactivating autopickup; reactivate with Ctrl-A.
You block the goblin's attack. Something hits you but does no damage.
The goblin hits you but does no damage. The goblin closely misses you.
The goblin shouts!
You hit the goblin.
The goblin is heavily wounded.
You barely miss the goblin. You closely miss something.
You feel very sick.
You hear a shout! x3
Something hits you but does no damage. You block the goblin's attack.
A hobgoblin comes into view.
The goblin hits you but does no damage.
You are more poisoned.
The goblin hits you but does no damage.
You are more poisoned.
Something hits you but does no damage. The goblin completely misses you.
A goblin comes into view. It is wielding a +0 club.
The goblin hits you but does no damage.
You are lethally poisoned!
The goblin hits you but does no damage. Something hits you but does no damage.
You feel extremely sick.
The goblin hits you with a +1 dagger of venom.
You are more poisoned.
Something hits you. The goblin hits you but does no damage.
You climb upwards.
Level annotation: 3 runed translucent doors, Valens254's ghost, amateur DjHW Reactivating autopickup.
* * * LOW HITPOINT WARNING * * *
You feel extremely sick.
There is a stone staircase leading down here.
Deactivating autopickup; reactivate with Ctrl-A.
You hit something. Your headbutt misses something.
You barely miss the goblin. x2
You die...

#.### #..). ####. #$.+.
########## #$.+.
##...##...## #$.+.
##..........## ####.
#............# #...)
#.........g@{####### #.###
#..........g.......# #'###
##.................# #..##
##........#..>....#####....
####.###.#...............#
#.# #..................
#### #.#
##................# #..##
#.# ##...............#
##..# ##.#
##....)..........#


You could see 2 goblins.

Vanquished Creatures
  Menkaure (D:4)
  A scorpion (D:4)
  A scorpion zombie (D:3)
  2 orc wizards (D:3)
  A gnoll (D:4)
  7 adders
  A worm (D:2)
  3 dart slugs
  2 orcs
  5 ball pythons
  4 bats (D:2)
  6 endoplasms
  3 giant cockroaches
  7 goblins
  4 hobgoblins
  5 jackals
  2 quokkas (D:1)
  2 frilled lizards
  4 kobolds
  A quokka zombie (D:3)
  3 rats (D:1)
65 creatures vanquished.

Notes
Turn   | Place    | Note
-------+----------+-------------------------------------------
     0 | D:1      | Peloso the Minotaur Fighter began the quest for the Orb.
     0 | D:1      | Reached XP level 1. HP: 19/19 MP: 0/0
   196 | D:1      | Reached XP level 2. HP: 27/27 MP: 1/1
   797 | D:2      | Reached XP level 3. HP: 27/33 MP: 2/2
   830 | D:2      | Reached skill level 1 in Dodging
   951 | D:2      | Reached XP level 4. HP: 37/40 MP: 3/3
  1356 | D:3      | Reached XP level 5. HP: 42/46 MP: 4/4
  1361 | D:3      | Identified the +3 whip of Somewhere Else {freeze, rC+ rN+}
  1666 | D:3      | Found a runed translucent gate.
  1666 | D:3      | Found a runed translucent gate.
  1666 | D:3      | Found a runed translucent gate.
  1666 | D:3      | Noticed Valens254's ghost (amateur DjHW)
  1668 | D:3      | Found a basalt altar of Yredelemnul.
  1675 | D:3      | Reached skill level 5 in Armour
  1828 | D:4      | Reached skill level 5 in Long Blades
  1954 | D:4      | Reached XP level 6. HP: 53/53 MP: 5/5
  2003 | D:4      | Noticed Menkaure
  2008 | D:4      | Killed Menkaure
  2009 | D:4      | Reached skill level 1 in Axes
  2009 | D:4      | Noticed Robin
  2083 | D:3      | Succumbed to a goblin's poison

Illustrated notes

Levels and vault maps discovered:
D:1:      spicycebolla_arrival_transporter_tutorial, layout_loops_corners
D:2:      layout_basic, minmay_misc_feat_rows
D:3:      layout_rooms, nicolae_yredelemnul_ghost_church
D:4:      layout_loops_ring, minmay_misc_feat_enclosed, uniq_menkaure,
          uniq_robin

Skill      XL: |  1  2  3  4  5  6 |
---------------+-------------------+-----
Armour         | 4 5 |  5.3
Fighting       | 4 |  4.5
Dodging        | 1 2 |  2.4
Long Blades    | 3 4 5 |  5.6
Shields        | 4 |  4.1
Axes           | 1 |  1.2
Stealth        | |  0.3

Action                     |  1- 3 |  4- 6 || total
---------------------------+-------+-------++-------
  Melee: Long sword        |    75 |    37 ||   112
         Headbutt          |    11 |    13 ||    24
         Broad axe         |       |    22 ||    22
    Use: Potion            |     3 |       ||     3
 Armour: Scale mail        |    42 |    27 ||    69
         Plate armour      |       |    17 ||    17
  Dodge: Dodged            |    43 |    35 ||    78
  Block: Buckler           |    11 |    19 ||    30
